 Dungeon Crawl Stone Soup version 0.26-a0-639-g72c4674329 (webtiles) character file.

Game seed: 4564679555184831753

429 DogServant the Conjurer (level 6, -13/37 HPs)
             Began as a Gargoyle Conjurer on Sept 16, 2020.
             Mangled by an orc warrior
             ... wielding a +0 flail
              (15 damage)
             ... on level 6 of the Dungeon.
             The game lasted 00:07:41 (5553 turns).

DogServant the Conjurer (Gargoyle Conjurer)         Turns: 5553, Time: 00:07:41

Health: -13/37     AC:  6    Str: 11    XL:     6   Next: 98%
Magic:  1/12       EV: 12    Int: 20    God:
Gold:   214        SH:  0    Dex:  8    Spells: 3/13 levels left

rFire    x . .     SeeInvis .   o - +2 short sword (venom)
rCold    + + .     Faith    .   (no shield)
rNeg     + . .     Spirit   .   a - +0 robe
rPois    ∞         Reflect  .   (no helmet)
rElec    +         Harm     .   (no cloak)
rCorr    .         Rampage  .   (no gloves)
MR       .....                  (no boots)
Stlth    ++........             (no amulet)
HPRegen  0.12/turn              i - ring of protection from cold
MPRegen  0.13/turn              p - ring of ice

@: no status effects
A: negative energy resistance 1, electricity resistance, unbreathing,
petrification resistance, rot immunity, AC +4
a: no special abilities


You were on level 6 of the Dungeon.
You visited 2 branches of the dungeon, and saw 6 of its levels.

You collected 214 gold pieces.

Inventory:

Hand Weapons
 o - a +2 short sword of venom (weapon)
Armour
 a - a +0 robe (worn)
Jewellery
 d - an uncursed amulet of the acrobat
 i - a ring of protection from cold (left hand)
 p - a ring of ice (right hand)
Wands
 n - a wand of polymorph (8)
Scrolls
 c - a scroll of fog
 k - 2 scrolls of immolation
Potions
 f - 2 potions of haste
 g - a potion of might
 j - a potion of resistance
 l - a potion of curing
 r - a potion of flight {unknown}
 t - a potion of lignification {unknown}


   Skills:
 + Level 3.3 Fighting
 - Level 1.5 Dodging
 - Level 2.2 Stealth
 - Level 0.2 Unarmed Combat
 + Level 4.1 Spellcasting
 + Level 6.4 Conjurations
 + Level 0.9 Hexes


You had 3 spell levels left.
You knew the following spells:

 Your Spells              Type           Power        Failure   Level
a - Magic Dart            Conj           ####         1%          1
b - Searing Ray           Conj           ####..       1%          2
c - Dazzling Flash        Conj/Hex       ###...       9%          3
d - Fulminant Prism       Conj/Hex       ###.......   28%         4

Your spell library contained the following spells:

 Spells                   Type           Power        Failure   Level
 Iskenderun's Mystic Bla  Conj/Tloc      ###.....     32%         4


Dungeon Overview and Level Annotations

Branches:
Dungeon (6/15)             Temple (1/1) D:6

Altars:
Ashenzari
Cheibriados
Dithmenos
Elyvilon
Fedhas
Gozag
Hepliaklqana
Kikubaaqudgha
Makhleb
Nemelex Xobeh
Okawaru
Qazlal
Ru
Sif Muna
Trog
Uskayaw
Wu Jian
Xom
Yredelemnul
Zin
The Shining One


Innate Abilities, Weirdness & Mutations

You are resistant to torment.
Your stone body is resilient. (AC +4)
You are immune to poison.
You resist negative energy. (rN+)
You are resistant to electric shocks. (rElec)
You can survive without breathing.
You are immune to petrification.
You are immune to rotting.


Message History

Confirm with . or Enter, or press ? or * to list all spells.
Okay, then.
The searing ray hits the orc warrior.
The orc warrior is almost dead.
You finish channeling your searing ray.
The orc warrior hits you with a +0 flail.
Casting: Searing Ray (safe; 1% risk of failure)
Confirm with . or Enter, or press ? or * to list all spells.
Press: ? - help, Shift-Dir - straight line, f - orc, p - orc warrior
Aim: an orc, wearing a +0 leather armour The searing ray hits the orc warrior.
The orc warrior is almost dead.
The searing ray hits the orc!
You kill the orc! (Press . to maintain the ray.)
The orc warrior hits you with a +0 flail!
* * * LOW HITPOINT WARNING * * *
The searing ray misses the orc warrior.
The orc warrior hits you with a +0 flail!
You die...

.............
##.##.##.##.# ......#
#.........#?# ......#
............### ......#
#..⌠...⌠..#...## [.....#
#.........#....##......#
.....>..........#......#
#.........#.....#o.....#
#..⌠...⌠..#.##..@#
............###..#
#.........### ##...
##.##.##.## #..>..
.....§...# ##.....
########## ..... .....
......


You could see an orc warrior.

Vanquished Creatures
  A sky beast (D:6)
  A hound (D:4)
  2 orc priests (D:4)
  An orc wizard (D:4)
  Jessica (D:2)
  A worker ant (D:4)
  A worker ant zombie (D:6)
  3 gnolls (D:3)
  5 adders
  An ooze (D:3)
  2 dart slugs (D:1)
  3 leopard geckos
  18 orcs
  5 giant cockroaches
  4 hobgoblins
  4 jackals (D:1)
  4 bats
  3 goblins
  A jackal skeleton (D:4)
  6 kobolds
  4 rats
71 creatures vanquished.

Notes
Turn   | Place    | Note
-------+----------+-------------------------------------------
     0 | D:1      | DogServant the Gargoyle Conjurer began the quest for the
                  | Orb.
     0 | D:1      | Reached XP level 1. HP: 10/10 MP: 3/3
   524 | D:1      | Reached XP level 2. HP: 15/15 MP: 0/5
  1417 | D:1      | Reached XP level 3. HP: 19/19 MP: 1/6
  1421 | D:1      | Learned a level 2 spell: Searing Ray
  1425 | D:1      | Learned a level 3 spell: Dazzling Flash
  1904 | D:2      | Noticed Jessica
  1906 | D:2      | Killed Jessica
  1906 | D:2      | Reached skill level 5 in Conjurations
  2446 | D:2      | Reached XP level 4. HP: 24/24 MP: 6/8
  3261 | D:3      | Reached skill level 1 in Fighting
  3673 | D:3      | Reached XP level 5. HP: 29/29 MP: 1/9
  4727 | D:4      | Reached skill level 6 in Conjurations
  4727 | D:4      | Reached XP level 6. HP: 36/36 MP: 5/11
  4894 | D:4      | Learned a level 4 spell: Fulminant Prism
  4934 | D:4      | You fall into a shaft and drop 2 floors!
  4936 | D:6      | Noticed an orc warrior
  4940 | D:6      | Found a staircase to the Ecumenical Temple.
  4950 | Temple   | Entered the Ecumenical Temple
  5328 | D:6      | Noticed a sky beast
  5351 | D:6      | Killed a sky beast
  5553 | D:6      | Mangled by an orc warrior

Illustrated notes

Levels and vault maps discovered:
D:1:      roderic_crossed_star, layout_basic, minmay_misc_feat_diagonals
D:2:      layout_loops_ring, chequers_serial_rivers_large_a, uniq_jessica
D:3:      layout_loops_corners
D:4:      layout_rooms, serial_corexii_hall, corexii_hall_statues_x,
          chequers_hall_statues_wall_a, saegor_snake_ambush
D:6:      layout_rooms, minmay_temple_entry_large_hall, serial_shops,
          shop_fountains, minmay_chambers_of_fives
Temple:   regret_index_temple_sigil_plot

Skill      XL: |  1  2  3  4  5  6 |
---------------+-------------------+-----
Conjurations   | 5 6 |  6.4
Spellcasting   | 3 4 |  4.1
Fighting       | 1 2 3 |  3.3
Dodging        | |  1.5
Stealth        | |  2.2
Unarmed Combat | |  0.2
Hexes          | |  0.9

Action                   |  1- 3 |  4- 6 || total
-------------------------+-------+-------++-------
Melee: Unarmed           |    32 |       ||    32
       Short sword       |       |     5 ||     5
 Cast: Magic Dart        |    40 |    40 ||    80
       Searing Ray       |     4 |    32 ||    36
  Use: Scroll            |     1 |    11 ||    12
Armor: Robe              |    14 |     9 ||    23
Dodge: Dodged            |    36 |    13 ||    49

Table legend: (Time is in decaauts)
 A = Elapsed time spent in this place.
 B = Non-inter-level travel time spent in this place.
 C = Inter-level travel time spent in this place.
 D = Time resting spent in this place.
 E = Time spent auto-exploring this place.
 F = Levels seen in this place.
 G = Mean time per level.
                   A        B        C        D        E       F      G
               +--------+--------+--------+--------+--------+-----+--------+
         Total |   5559 |   5443 |    116 |   1111 |   3858 |   6 |  926.5 |
       Dungeon |   5188 |   5085 |    103 |   1111 |   3501 |   5 | 1037.6 |
        Temple |    370 |    357 |     13 |      0 |    357 |   1 |  370.0 |
               +--------+--------+--------+--------+--------+-----+--------+

Top non-repeatable levels by time:
     D:1: 1903 daAuts
     D:3: 1440 daAuts
     D:2: 982 daAuts
     D:4: 613 daAuts
  Temple: 370 daAuts
     D:6: 248 daAuts
